AoeStats
← Bor-Komorov

Arabia

510859700Analyzed
3v3 RM · 16h ago on Oct 2, 2026· 55m 26s· 6 players
Game mode
Random Map
Map size
Normal (6 player)
Population
200
Speed
Normal
Resources
Standard
Victory
Conquest
Starting age
Dark Age
Ending age
Imperial Age
RankedLock teamsTeams togetherTeam positionsShared explorationLock speedFull tech treeHidden civsTurbo modeCheats
Victory
Defeat
🇮🇳 Japanese · India
1253
+15
🇮🇳 Hindustanis · India
1239
+16
🇮🇳 Koreans · India
1238
+16
🇨🇴 Berbers · Colombia
1244
-16
🇨🇴 Vietnamese · Colombia
1236
-16
🇨🇴 Khmer · Colombia
1235
-15
Bor-Komorov
7:04 Loom
9:56 Feudal Age
15:10 Fletching
34:53 Castle Age
36:42 Bodkin Arrow
38:41 Crossbowman
40:38 Padded Archer Armor
42:13 Wheelbarrow
48:18 Leather Archer Armor
Deanu Reeves
5:58 Loom
8:48 Feudal Age
13:13 Forging
19:11 Scale Barding Armor
23:57 Castle Age
22:46 Bloodlines
23:00 Double-Bit Axe
26:36 Horse Collar
29:49 Iron Casting
29:35 Heavy Plow
30:45 Husbandry
31:51 Chain Barding Armor
32:50 Wheelbarrow
32:06 Town Watch
40:53 Fletching
41:30 Bodkin Arrow
52:25 Pikeman
Volk
7:10 Loom
9:28 Feudal Age
10:11 Double-Bit Axe
17:31 Scale Barding Armor
20:01 Forging
23:11 Horse Collar
27:24 Castle Age
26:49 Bloodlines
28:38 Bow Saw
28:25 Gold Mining
29:25 Chain Barding Armor
32:42 Coinage
32:47 Fletching
34:44 Town Watch
38:39 Wheelbarrow
42:18 Heavy Plow
42:40 Stone Mining
43:30 Husbandry
48:20 Murder Holes
48:49 Bodkin Arrow
P3psiMan
6:14 Loom
9:07 Feudal Age
25:17 Castle Age
24:37 Bloodlines
24:33 Scale Barding Armor
25:43 Double-Bit Axe
26:04 Husbandry
27:22 Chain Barding Armor
27:50 Bow Saw
27:58 Husbandry
28:43 Forging
29:35 Horse Collar
31:13 Heavy Plow
40:56 Iron Casting
45:04 Wheelbarrow
44:28 Gold Mining
48:46 Gold Shaft Mining
hawkizhere
7:28 Loom
9:38 Feudal Age
9:54 Man-at-Arms
14:22 Double-Bit Axe
14:30 Fletching
17:28 Horse Collar
20:36 Wheelbarrow
23:14 Castle Age
21:47 Horse Collar
22:08 Padded Archer Armor
26:59 Bow Saw
28:50 Crossbowman
33:41 Husbandry
33:53 Bloodlines
36:22 Scale Mail Armor
36:33 Forging
39:33 Chain Mail Armor
46:21 Hand Cart
46:15 Town Watch
51:36 Ballistics
55:27 Iron Casting
jesterkori
9:37 Feudal Age
10:12 Loom
11:45 Double-Bit Axe
20:21 Fletching
26:14 Castle Age
26:09 Horse Collar
26:21 Gold Mining
26:41 Crossbowman
27:39 Bow Saw
30:26 Bodkin Arrow
39:35 Imperial Age
37:43 Wheelbarrow
38:24 Ballistics
40:20 Thumb Ring
39:47 Arbalester
40:28 Bracer
41:35 Chemistry
Connection lost

Rejoining the realm…

Still unreachable

The connection could not be restored.

Session expired

The server has moved on; the page needs a fresh start.